 Dungeon Crawl Stone Soup version 0.27.1-1-g398f81649c (webtiles) character file.

Game seed: 2668963522002941590

4260 Rickety the Covert (level 10, -2/47 HPs)
             Began as a Spriggan Enchanter on Sept 12, 2021.
             Was a Follower of Dithmenos.
             Shot with an arrow by a centaur warrior (14 damage)
             ... on level 8 of the Dungeon.
             The game lasted 00:25:45 (9932 turns).

Rickety the Covert (Spriggan Enchanter)             Turns: 9932, Time: 00:25:45

Health: -2/47      AC:  5    Str:  4    XL:     10   Next: 10%
Magic:  20/22      EV: 20    Int: 17    God:    Dithmenos [*.....]
Gold:   460        SH:  0    Dex: 19    Spells: 10/24 levels left

rFire    . . .     SeeInvis +   a - +1 dagger
rCold    . . .     Faith    .   (shield restricted)
rNeg     . . .     Spirit   .   H - +0 steam dragon scales
rPois    +         Reflect  .   (helmet restricted)
rElec    .         Harm     .   (no cloak)
rCorr    .         Rampage  .   (gloves unavailable)
Will     +....                  (boots unavailable)
Stlth    +++++++...             j - amulet of magic regeneration
HPRegen  0.15/turn              e - ring of poison resistance
MPRegen  0.43/turn              (no ring)

@: wreathed by umbra, very quick
A: very small, no large weapons, unfitting armour, see invisible, speed 3
a: Renounce Religion


You were on level 8 of the Dungeon.
You worshipped Dithmenos.
Dithmenos was aware of your devotion.
You visited 2 branches of the dungeon, and saw 9 of its levels.

You collected 460 gold pieces.

Inventory:

Hand Weapons
 a - a +1 dagger (weapon)
Missiles
 v - 20 poisoned darts
 F - 2 atropa-tipped darts
Armour
 H - +0 steam dragon scales (worn)
Jewellery
 e - a ring of poison resistance (left hand)
 j - an amulet of magic regeneration (around neck)
 A - an amulet of the acrobat
 B - an amulet of regeneration
Wands
 k - a wand of paralysis (9)
 m - a wand of polymorph (7)
Scrolls
 c - 3 scrolls of fog {unknown}
 d - 2 scrolls of noise {unknown}
 g - a scroll of magic mapping {unknown}
 h - a scroll of amnesia {unknown}
 i - 9 scrolls of identify {unknown}
 l - 2 scrolls of torment {unknown}
 o - a scroll of silence {unknown}
 r - 3 scrolls of teleportation {unknown}
 x - 2 scrolls of vulnerability {unknown}
 y - a scroll of enchant weapon {unknown}
 C - a scroll of fear {unknown}
 E - a scroll of enchant armour {unknown}
Potions
 f - 2 potions of flight {unknown}
 n - 5 potions of attraction {unknown}
 p - 2 potions of degeneration {unknown}
 q - a potion of berserk rage {unknown}
 s - 2 potions of lignification {unknown}
 t - a potion of invisibility {unknown}
 u - 2 potions of heal wounds {unknown}
 w - 3 potions of curing {unknown}
 z - a potion of resistance {unknown}
 D - a potion of mutation {unknown}
 G - a potion of cancellation {unknown}


   Skills:
 * Level 2.7 Fighting
 * Level 4.7 Short Blades
 * Level 3.2 Throwing
 * Level 5.7 Dodging
 * Level 13.4 Stealth
 * Level 7.9 Spellcasting
 * Level 8.1 Hexes
 - Level 2.0 Ice Magic


You had 10 spell levels left.
You knew the following spells:

 Your Spells              Type           Power      Damage    Failure   Level
a - Corona                Hex            37%        N/A       1%          1
b - Ensorcelled Hibernat  Hex/Ice        46%        N/A       1%          2
c - Confusing Touch       Hex            34%        N/A       1%          3
d - Dazzling Flash        Conj/Hex       40%        N/A       6%          3
l - Blink                 Tloc           N/A        N/A       16%         2
t - Tukima's Dance        Hex            34%        N/A       1%          3

Your spell library contained the following spells:

 Spells                   Type           Power      Damage    Failure   Level
 Portal Projectile        Hex/Tloc       40%        N/A       6%          3
 Animate Skeleton         Necr           12%        N/A       11%         1
 Pain                     Necr           24%        1d5       11%         1
 Sting                    Tmut/Pois      24%        1d4       11%         1
 Frozen Ramparts          Ice            26%        1d4       14%         3
 Poisonous Vapours        Pois/Air       12%        N/A       16%         2
 Sublimation of Blood     Necr           3%         N/A       16%         2
 Wereblood                Tmut           6%         N/A       16%         2
 Lesser Beckoning         Tloc           3%         N/A       32%         3
 Vampiric Draining        Necr           3%         2d6       32%         3
 Ice Form                 Ice/Tmut       10%        N/A       56%         4
 Summon Ice Beast         Ice/Summ       10%        N/A       56%         4
 Olgreb's Toxic Radiance  Pois           6%         N/A       71%         4
 Blade Hands              Tmut           3%         N/A       96%         5
 Excruciating Wounds      Necr           3%         N/A       96%         5
 Manifold Assault         Tloc           6%         N/A       96%         5
 Summon Hydra             Summ           3%         N/A       100%        7


Dungeon Overview and Level Annotations

Branches:
Dungeon (8/15)             Temple (1/1) D:5
   Lair: D:8-11

Altars:
Ashenzari
Cheibriados
Dithmenos
Elyvilon
Fedhas
Gozag
Hepliaklqana
Kikubaaqudgha
Makhleb
Nemelex Xobeh
Okawaru
Qazlal
Ru
Sif Muna
Trog
Uskayaw
Vehumet
Wu Jian
Xom
Yredelemnul
Zin
The Shining One

Shops:
D:4 **

Annotations:
D:3 3 runed translucent doors, Icepheonix32's ghost, amateur KoWr


Innate Abilities, Weirdness & Mutations

You are very small and have problems with some larger weapons.
You are too small for most types of armour.
You have supernaturally acute eyesight. (SInv)
You cover ground extremely quickly. (Speed+++)


Message History

You start removing your armour.
You continue taking off your +0 robe. x4
You finish taking off your +0 robe.
You start putting on your armour.
You continue putting on your +0 steam dragon scales. x5
You finish putting on your +0 steam dragon scales.
Drop what? 34/52 slots (_ for help) (? for menu, Esc to quit)
You drop a +0 robe.
Found a kite shield.
Found an inky potion.
x - 2 scrolls labelled VARUBL DUOJO (gained 1)
You now have 460 gold pieces (gained 15).
p - 2 inky potions (gained 1)
i - 9 scrolls labelled TUT KASOUBIRU (gained 1)
You see here a +0 kite shield.
Found a scale mail.
A wyvern, an orc, a centaur and a centaur warrior come into view.
The orc shouts!
The wyvern hisses angrily.
The centaur shouts!
The centaur warrior shouts!
The centaur warrior wields a +0 longbow.
The centaur warrior shoots an arrow.
The arrow completely misses you.
The orc moves out of view.
Casting: Ensorcelled Hibernation (safe; 1% risk of failure)
Confirm with . or Enter, or press ? or * to list all spells.
Aiming: Tukima's Dance (safe; 1% risk of failure)
Press: ? - help, Shift-Dir - straight line, f - centaur warrior
Aim: a centaur warrior, wielding a +0 longbow and quivering arrows (chance to affect: 56%)
The centaur warrior resists with significant effort.
An ice beast comes into view.
Casting: Tukima's Dance (safe; 1% risk of failure)
Confirm with . or Enter, or press ? or * to list all spells.
Aiming: Ensorcelled Hibernation (safe; 1% risk of failure)
Press: ? - help, Shift-Dir - straight line, f/p - centaur warrior
Aim: a centaur warrior, wielding a +0 longbow and quivering arrows (chance to affect: 35%)
The wyvern looks drowsy...
The centaur warrior shoots an arrow.
The arrow hits you!!
The centaur warrior shoots an arrow.
The arrow hits you!
* * * LOW HITPOINT WARNING * * *
The wyvern hisses angrily.
The centaur warrior shoots an arrow.
The arrow hits you!
You die...

....# ....# ....#
#+### ... ######
...##....#########
.................#
............####@##
....###.###.......#
....#.....#..####.#
....#.⌠.⌠.#.[# #.#
.......⌠.....# #.##
....#.⌠.⌠.#.#####lc#
....#.....#......c.#
#.#####.#####.###..#
.[..#8...8# .. #..#


You could see a centaur warrior, a wyvern and a centaur.

Vanquished Creatures
  A two-headed ogre (D:5)
  A gargoyle (D:6)
  A kobold demonologist (D:7)
  2 hornets
  A wraith (D:7)
  3 yaks (D:5)
  A steam dragon (D:8)
  Edmund (D:4)
  2 black bears
  2 sky beasts
  3 ogres
  2 phantoms
  2 kobold brigands (D:7)
  A bullfrog (D:7)
  A scorpion (D:6)
  2 water moccasin skeletons
  A bullfrog zombie (D:4)
  2 hounds
  3 jellies
  3 orc priests
  A centaur skeleton (D:6)
  Jessica (D:3)
  2 iguanas
  An orc wizard (D:4)
  A howler monkey zombie (D:4)
  8 adders
  7 gnolls
  A howler monkey skeleton (D:7)
  3 ufetubi (D:6)
  An adder skeleton (D:4)
  A worm (D:2)
  4 dart slugs
  15 orcs
  5 ball pythons
  7 endoplasms
  2 giant cockroaches
  8 goblins
  4 hobgoblins
  7 jackals
  6 quokkas
  4 bats
  7 frilled lizards
  12 kobolds
  2 rats
145 creatures vanquished.

Vanquished Creatures (collateral kills)
  A gnoll (D:5)
1 creature vanquished.

Vanquished Creatures (others)
  A dancing weapon (D:5)
  A plant (D:5)
2 creatures vanquished.

Grand Total: 148 creatures vanquished

Notes
Turn   | Place    | Note
-------+----------+-------------------------------------------
     0 | D:1      | Rickety the Spriggan Enchanter began the quest for the Orb.
     0 | D:1      | Reached XP level 1. HP: 9/9 MP: 5/5
   452 | D:1      | Reached XP level 2. HP: 13/13 MP: 2/6
   455 | D:1      | Learned a level 2 spell: Ensorcelled Hibernation
   647 | D:1      | Found a faded altar of an unknown god.
  1619 | D:2      | Found a shimmering blue altar of Sif Muna.
  1700 | D:2      | Reached skill level 5 in Stealth
  1700 | D:2      | Reached XP level 3. HP: 16/16 MP: 6/8
  2033 | D:2      | You fall into a shaft and drop 1 floor!
  2057 | D:3      | Found a runed translucent gate.
  2057 | D:3      | Found a runed translucent gate.
  2057 | D:3      | Found a runed translucent gate.
  2057 | D:3      | Noticed Icepheonix32's ghost (amateur KoWr)
  2098 | D:3      | Reached XP level 4. HP: 20/21 MP: 2/9
  2427 | D:2      | Reached skill level 6 in Stealth
  2447 | D:2      | You fall into a shaft and drop 2 floors!
  2447 | D:4      | Noticed a black bear
  2577 | D:3      | Noticed Jessica
  2580 | D:3      | Killed Jessica
  2593 | D:3      | Reached XP level 5. HP: 18/24 MP: 4/10
  2598 | D:3      | Learned a level 3 spell: Confusing Touch
  3343 | D:4      | Found Kuhymp's General Store.
  3374 | D:4      | Reached skill level 7 in Stealth
  3374 | D:4      | Reached skill level 1 in Ice Magic
  3413 | D:4      | Found an ancient bone altar of Kikubaaqudgha.
  3804 | D:4      | Found Dytekk's Assorted Antiques.
  3870 | D:4      | Reached XP level 6. HP: 28/28 MP: 12/12
  4058 | D:4      | Reached skill level 8 in Stealth
  4616 | D:4      | Reached skill level 9 in Stealth
  4911 | D:4      | Noticed Edmund
  4920 | D:4      | Killed Edmund
  4921 | D:4      | Reached skill level 5 in Hexes
  4921 | D:4      | Reached XP level 7. HP: 24/32 MP: 12/14
  5128 | D:5      | Entered Level 5 of the Dungeon
  5290 | D:5      | Found a staircase to the Ecumenical Temple.
  5299 | Temple   | Entered the Ecumenical Temple
  5306 | Temple   | Became a worshipper of Dithmenos the Shadowed
  5424 | D:5      | Reached skill level 10 in Stealth
  5794 | D:5      | Noticed a two-headed ogre
  6084 | D:5      | Learned a level 3 spell: Tukima's Dance
  6345 | D:5      | Noticed a yak
  6347 | D:5      | Noticed a yak
  6347 | D:5      | Noticed a yak
  6351 | D:5      | Killed a yak
  6352 | D:5      | Reached skill level 5 in Spellcasting
  6352 | D:5      | Reached XP level 8. HP: 37/37 MP: 16/16
  6368 | D:5      | Reached skill level 1 in Fighting
  6368 | D:5      | Reached skill level 1 in Throwing
  6374 | D:5      | Reached skill level 11 in Stealth
  6990 | D:5      | Killed a two-headed ogre
  6991 | D:5      | Reached XP level 9. HP: 42/42 MP: 3/19
  7108 | D:6      | Found a snail-covered altar of Cheibriados.
  7197 | D:6      | Noticed a gargoyle
  7206 | D:6      | Killed a gargoyle
  7421 | D:6      | Reached * piety under Dithmenos
  7565 | D:6      | Reached skill level 5 in Dodging
  7565 | D:6      | Reached skill level 12 in Stealth
  8007 | D:7      | Found a blossoming altar of Fedhas.
  8348 | D:7      | Identified the +5 flail "Wekloim" {vorpal, *Noise rCorr
                  | Str+4 Int+2}
  8621 | D:7      | Noticed a kobold demonologist
  8629 | D:7      | Killed a kobold demonologist
  8630 | D:7      | Reached skill level 13 in Stealth
  9538 | D:7      | Found a sparkling altar of Nemelex Xobeh.
  9760 | D:8      | Reached XP level 10. HP: 47/47 MP: 22/22
  9764 | D:8      | Learned a level 3 spell: Dazzling Flash
  9826 | D:8      | Learned a level 2 spell: Blink
  9921 | D:8      | Noticed a centaur warrior
  9932 | D:8      | Shot with an arrow by a centaur warrior

Illustrated notes

Levels and vault maps discovered:
D:1:      heliophobic_arrival_battle_scene, layout_basic, basic_ecumenical_altar
D:2:      layout_loops_ring, basic_altar, kennysheep_doodads,
          minmay_pentomino_t2
D:3:      layout_rooms, ebering_ghost_rock_garden, st_stairs_14, uniq_jessica
D:4:      layout_loops_ring, lemuel_round_altar, serial_shops, shop,
          nicolae_shop_statue_plus, grunt_tough_drop, uniq_edmund
D:5:      layout_layer_cave, minmay_temple_entry_gardened_gates
D:6:      layout_gridville, mainiacjoe_overflow_small_starburst,
          minmay_pentangle
D:7:      layout_layer_cave, fedhas_altar_1, nemelex_dance_club_becter,
          minmay_misc_feat_tower
D:8:      layout_gridville, minmay_misc_feat_columns, serial_bayou_lagoon_a,
          minmay_chambers_of_fives
Temple:   nicolae_temple_no_exploring_needed

Skill      XL: |  1  2  3  4  5  6  7  8  9 |
---------------+----------------------------+-----
Hexes          | 4 5 6 8 |  8.1
Spellcasting   | 3 4 5 6 7 |  7.9
Short Blades   | 2 3 4 |  4.7
Stealth        | 5 6 7 9 10 11 13 | 13.4
Ice Magic      | 1 2 |  2.0
Dodging        | 3 4 5 |  5.7
Fighting       | 1 2 |  2.7
Throwing       | 2 3 |  3.2

Action                   |  1- 3 |  4- 6 |  7- 9 | 10-12 || total
-------------------------+-------+-------+-------+-------++-------
Melee: Dagger            |    84 |    99 |   131 |     3 ||   317
 Cast: Corona            |    10 |       |       |       ||    10
       Ensorcelled Hiber |    19 |    53 |    74 |     1 ||   147
       Confusing Touch   |       |     4 |     6 |       ||    10
       Tukima's Dance    |       |       |     8 |     1 ||     9
 Stab: Distracted        |     2 |     2 |     3 |       ||     7
       Sleeping          |    22 |    43 |    53 |     3 ||   121
       Confused          |       |     3 |     8 |       ||    11
Armor: Robe              |     9 |     8 |    11 |       ||    28
Dodge: Dodged            |    72 |    50 |    94 |     1 ||   217
